 Dungeon Crawl Stone Soup version 0.29-a0-1009-g60c99734e7 (webtiles) character file.

Game seed: 448279075391708580

3246 leavemydog the Thaumaturge (level 9, 0/67 HPs)
             Began as a Deep Elf Conjurer on Aug 8, 2022.
             Was a Believer of Vehumet.
             Slain by lucasj's ghost (8 damage)
             ... on level 7 of the Dungeon.
             The game lasted 00:16:02 (10829 turns).

leavemydog the Thaumaturge (Deep Elf Conjurer)     Turns: 10829, Time: 00:16:03

Health: 0/67       AC:  8    Str:  4    XL:     9   Next: 67%
Magic:  4/26       EV: 16    Int: 28    God:    Vehumet [**....]
Gold:   246        SH:  0    Dex: 13    Spells: 19/30 levels left

rFire   . . .      SeeInvis .   I - +5 dagger
rCold   . . .      Faith    .   (no shield)
rNeg    . . .      Spirit   .   a - +0 robe
rPois   .          Reflect  .   (no helmet)
rElec   .          Harm     .   (no cloak)
rCorr   .          Rampage  .   s - +1 pair of gloves
Will    .....                   (no boots)
Stlth   ..........              (no amulet)
HPRegen 0.21/turn               f - +4 ring of protection
MPRegen 0.20/turn               B - +4 ring of evasion

@: berserking (expiring), very quick
A: no striking features
a: Renounce Religion


You were on level 7 of the Dungeon.
You worshipped Vehumet.
Vehumet was pleased with you.
You visited 2 branches of the dungeon, and saw 8 of its levels.
You also visited: Ossuary.

You collected 246 gold pieces.

Inventory:

Hand Weapons
 I - a +5 dagger (weapon)
Missiles
 b - a throwing net
 l - 5 javelins
 p - 4 poisoned darts
Armour
 a - a +0 robe (worn)
 s - a +1 pair of gloves (worn)
Jewellery
 f - a +4 ring of protection (left hand)
 j - a ring of flight
 B - a +4 ring of evasion (right hand)
Wands
 m - a wand of charming (10)
 q - a wand of mindburst (12)
 u - a wand of flame (26)
 z - a wand of digging (6)
Scrolls
 c - a scroll of magic mapping {unknown}
 d - 2 scrolls of poison {unknown}
 h - 2 scrolls of immolation
 i - 3 scrolls of blinking
 k - a scroll of identify
 o - a scroll of silence {unknown}
 v - 2 scrolls of noise
 x - a scroll of teleportation {unknown}
 y - 2 scrolls of enchant weapon
 F - 2 scrolls of butterflies {unknown}
 K - a scroll of fear {unknown}
 L - a scroll of amnesia {unknown}
Potions
 e - 2 potions of haste
 g - 5 potions of curing
 n - a potion of berserk rage
 r - a potion of flight
 t - 3 potions of cancellation
 w - a potion of invisibility {unknown}
 A - 3 potions of resistance
 C - 2 potions of might
 D - 2 potions of ambrosia {unknown}
 E - a potion of heal wounds {unknown}
 G - a potion of degeneration {unknown}
 H - a potion of brilliance {unknown}
 J - a potion of lignification {unknown}


   Skills:
 - Level 0.1 Fighting
 - Level 1.1 Short Blades
 - Level 2.4 Dodging
 - Level 2.4 Stealth
 + Level 11.1 Spellcasting
 + Level 10.3 Conjurations
 - Level 6.0 Hexes
 - Level 5.0 Translocations


You had 19 spell levels left.
You knew the following spells:

 Your Spells              Type           Power      Damage    Failure   Level
a - Magic Dart            Conj           100%       1d8       1%          1
b - Searing Ray           Conj           100%       2d8       1%          2
c - Iskenderun's Mystic   Conj/Tloc      55%        2d12      1%          4
d - Fulminant Prism       Conj/Hex       28%        3d14      1%          4

Your spell library contained the following spells:

 Spells                   Type           Power      Damage    Failure   Level
 Foxfire                  Conj/Fire      100%       2x1d9     1%          1
 Dazzling Flash           Conj/Hex       100%       N/A       1%          3
 Portal Projectile        Hex/Tloc       92%        N/A       1%          3
 Call Canine Familiar     Summ           15%        N/A       11%         3
 Leda's Liquefaction      Hex/Erth       16%        N/A       11%         4
 Dispersal                Tloc           21%        N/A       56%         6
 Disjunction              Tloc           21%        N/A       100%        8


Dungeon Overview and Level Annotations

Branches:
Dungeon (7/15)             Temple (1/1) D:5         Ossuary (visited)

Altars:
Ashenzari
Cheibriados
Dithmenos
Fedhas
Gozag
Hepliaklqana
Kikubaaqudgha
Makhleb
Nemelex Xobeh
Okawaru
Qazlal
Ru
Sif Muna
Trog
Uskayaw
Vehumet
Wu Jian
Xom
Yredelemnul
Zin
The Shining One

Shops:
D:2 (   D:4 *

Annotations:
D:7 lucasj's ghost, novice MiBe


Message History

Lucasj's ghost is heavily damaged.
You closely miss lucasj's ghost. Your punch misses lucasj's ghost.
Lucasj's ghost is heavily damaged.
Lucasj's ghost wails, "You will join me soon!"
Lucasj's ghost misses you.
You barely miss lucasj's ghost.
Lucasj's ghost is heavily damaged.
Lucasj's ghost hits you.
You closely miss lucasj's ghost.
Lucasj's ghost is heavily damaged.
You closely miss lucasj's ghost.
Lucasj's ghost is heavily damaged.
Lucasj's ghost misses you.
You completely miss lucasj's ghost.
Lucasj's ghost is heavily damaged.
Lucasj's ghost hits you!
You barely miss lucasj's ghost.
Lucasj's ghost is heavily damaged.
You miss lucasj's ghost.
Lucasj's ghost is heavily damaged.
Lucasj's ghost hits you!
* * * LOW HITPOINT WARNING * * *
You closely miss lucasj's ghost.
Lucasj's ghost is heavily damaged.
Lucasj's ghost misses you.
You barely miss lucasj's ghost.
Lucasj's ghost is heavily damaged.
You completely miss lucasj's ghost.
Lucasj's ghost is heavily damaged.
Lucasj's ghost hits you!
* * * LOW HITPOINT WARNING * * *
You barely miss lucasj's ghost.
Lucasj's ghost is heavily damaged.
You completely miss lucasj's ghost.
Lucasj's ghost is heavily damaged.
Lucasj's ghost hits you but does no damage.
You barely miss lucasj's ghost.
Lucasj's ghost is heavily damaged.
Lucasj's ghost hits you!
You die...

####...## #..........
#.......# #..........
#.......# #..........
#.......# #..........
#.......# #######.......)..
#.......# #....##..........
#..###### #'##.##..........
#..# ####.##.............
#..# ###.W@.##.............
#..###.#.#####......#....#.
#..##....'.$##......#....#.
#####._..'.$##......#....#.
#....'.:##...#######.##
##.#.#####...# #.#
###....##...# #.#
####.##...# #.#
#####'##...# #.#


You could see lucasj's ghost.

Vanquished Creatures
  A vampire (D:6)
  An ice beast (D:5)
  3 hornet zombies
  2 orc warriors (D:7)
  A black bear (D:5)
  An ogre (D:5)
  A necrophage (D:6)
  4 elf skeletons (D:7)
  2 scorpions
  3 water moccasin zombies (Ossuary)
  2 wyvern zombies (Ossuary)
  5 wights (D:7)
  A howler monkey (D:5)
  9 bullfrog zombies
  A centaur zombie (Ossuary)
  3 orc priests
  3 hounds
  3 jellies
  5 iguanas
  Terence (D:2)
  5 orc wizards
  4 killer bee zombies (Ossuary)
  12 mummies (Ossuary)
  7 gnolls
  A howler monkey zombie (Ossuary)
  5 adders
  A river rat (D:3)
  3 white imps
  2 dart slugs (D:4)
  23 orcs
  6 ball pythons
  6 endoplasms
  5 giant cockroaches
  2 goblins
  6 hobgoblins
  2 jackals (D:3)
  4 kobolds
  2 quokkas
  5 bats
  11 frilled lizards
  An orc skeleton (D:7)
  An orc zombie (D:7)
  6 rats
  A spectral kobold (D:2)
173 creatures vanquished.

Vanquished Creatures (others)
  4 fulminant prisms (D:7)
  5 plants (D:6)
  6 withered plants (Ossuary)
15 creatures vanquished.

Grand Total: 188 creatures vanquished

Notes
Turn   | Place    | Note
-------+----------+-------------------------------------------
     0 | D:1      | leavemydog the Deep Elf Conjurer began the quest for the
                  | Orb.
     0 | D:1      | Reached XP level 1. HP: 10/10 MP: 6/6
   317 | D:1      | Reached XP level 2. HP: 15/15 MP: 6/8
   322 | D:1      | Learned a level 2 spell: Searing Ray
   472 | D:1      | Reached skill level 5 in Conjurations
  1113 | D:2      | Found a faded altar of an unknown god.
  1154 | D:2      | Reached XP level 3. HP: 19/19 MP: 7/9
  1174 | D:2      | Noticed Terence
  1483 | D:3      | Reached XP level 4. HP: 24/24 MP: 9/11
  1530 | D:3      | Learned a level 4 spell: Iskenderun's Mystic Blast
  1648 | D:3      | Reached skill level 4 in Spellcasting
  1941 | D:3      | Reached XP level 5. HP: 14/28 MP: 2/13
  2151 | D:2      | Learned a level 4 spell: Fulminant Prism
  2303 | D:2      | Killed Terence
  2540 | D:2      | Found Tuilu's Antique Weapon Shop.
  3287 | D:4      | Reached skill level 1 in Hexes
  3447 | D:4      | Reached skill level 5 in Spellcasting
  3452 | D:4      | Reached skill level 1 in Translocations
  3452 | D:4      | Reached XP level 6. HP: 30/32 MP: 2/15
  3915 | D:4      | Found Zin's Purification Station.
  3918 | D:4      | Found a glowing silver altar of Zin.
  3939 | D:4      | You fall into a shaft and drop 1 floor!
  3939 | D:5      | Entered Level 5 of the Dungeon
  4103 | D:5      | Found a staircase to the Ecumenical Temple.
  4130 | Temple   | Entered the Ecumenical Temple
  4166 | Temple   | Became a worshipper of Vehumet
  4584 | D:5      | Reached skill level 6 in Spellcasting
  4584 | D:5      | Reached XP level 7. HP: 36/36 MP: 10/18
  5075 | D:5      | Found an iron altar of Okawaru.
  5885 | D:6      | Reached skill level 7 in Spellcasting
  6211 | D:6      | Reached XP level 8. HP: 30/41 MP: 12/21
  6495 | D:6      | Reached skill level 8 in Spellcasting
  6849 | D:6      | Reached * piety under Vehumet
  6849 | D:6      | Offered knowledge of Freeze by Vehumet.
  7109 | D:6      | Found a hazy altar of Hepliaklqana.
  7346 | D:7      | Found a sand-covered staircase.
  7428 | Ossuary  | Entered an ossuary
  7494 | Ossuary  | Reached skill level 5 in Hexes
  7625 | Ossuary  | Reached skill level 9 in Spellcasting
  8159 | Ossuary  | Reached XP level 9. HP: 45/45 MP: 15/24
  9018 | Ossuary  | Reached skill level 10 in Spellcasting
  9189 | D:7      | Reached skill level 1 in Short Blades
  9456 | D:7      | Reached skill level 5 in Translocations
  9554 | D:7      | Offered knowledge of Foxfire by Vehumet.
  9695 | D:7      | Reached ** piety under Vehumet
  9699 | D:7      | Reached skill level 10 in Conjurations
  9884 | D:7      | Found a shimmering altar of Xom.
  9888 | D:7      | Found a hide-covered altar of Uskayaw.
  9893 | D:7      | Found a glowing golden altar of the Shining One.
 10513 | D:7      | Found a runed translucent gate.
 10513 | D:7      | Found a runed translucent gate.
 10513 | D:7      | Found a runed translucent gate.
 10513 | D:7      | Noticed lucasj's ghost (novice MiBe)
 10515 | D:7      | Found a basalt altar of Yredelemnul.
 10523 | D:7      | Reached skill level 11 in Spellcasting
 10829 | D:7      | Slain by lucasj's ghost

Illustrated notes

Levels and vault maps discovered:
D:1:      amcnicky_arrival_wind_blow, layout_basic,
          nicolae_kite_square_tiling_tiny
D:2:      layout_basic, dreamdust_ecumenical_altar_drowned_temple, serial_shops,
          nicolae_shop_stone, uniq_terence
D:3:      layout_loops_ring, portal_sewer_entry_a, minmay_stone_trees_small
D:4:      layout_cave_pools, zin_purify, minmay_pentangle
D:5:      layout_loops_corners, general_overflow_altar,
          minmay_temple_entry_antechambers
D:6:      layout_rooms, nicolae_hepliaklqana_hippocampus, minmay_lizard_king
D:7:      layout_basic, nicolae_yredelemnul_ghost_church,
          grunt_temple_overflow_diamond, nicolae_ossuary_entry_catacombs
Temple:   nicolae_temple_superstar

Skill      XL: |  1  2  3  4  5  6  7  8  9 |
---------------+----------------------------+-----
Conjurations   | 5 6 7 8 9 10 | 10.3
Spellcasting   | 4 5 6 7 9 11 | 11.1
Hexes          | 1 2 3 5 6 |  6.0
Translocations | 1 3 4 5 |  5.0
Short Blades   | 1 |  1.1
Fighting       | |  0.1
Dodging        | |  2.4
Stealth        | |  2.4

Action                   |  1- 3 |  4- 6 |  7- 9 || total
-------------------------+-------+-------+-------++-------
Melee: Unarmed           |     2 |       |       ||     2
       Short sword       |       |       |    39 ||    39
       Dagger            |       |       |    14 ||    14
       Punch             |       |       |     1 ||     1
 Cast: Magic Dart        |    71 |    92 |   341 ||   504
       Searing Ray       |       |    12 |    32 ||    44
       Iskenderun's Myst |       |       |     7 ||     7
       Fulminant Prism   |       |       |     4 ||     4
  Use: Scroll            |       |     6 |     6 ||    12
       Potion            |       |     1 |     2 ||     3
Armor: Robe              |     1 |     4 |    71 ||    76
Dodge: Dodged            |     6 |    10 |   171 ||   187

Table legend: (Time is in decaauts)
 A = Elapsed time spent in this place.
 B = Non-inter-level travel time spent in this place.
 C = Inter-level travel time spent in this place.
 D = Time resting spent in this place.
 E = Time spent auto-exploring this place.
 F = Levels seen in this place.
 G = Mean time per level.
                   A        B        C        D        E       F      G
               +--------+--------+--------+--------+--------+-----+--------+
         Total |  10846 |  10498 |    348 |   2972 |   6316 |   9 | 1205.1 |
       Dungeon |   8997 |   8685 |    312 |   1771 |   6063 |   7 | 1285.3 |
        Temple |    108 |     72 |     36 |      0 |     45 |   1 |  108.0 |
       Ossuary |   1740 |   1740 |      0 |   1201 |    207 |   1 | 1740.0 |
               +--------+--------+--------+--------+--------+-----+--------+

Top non-repeatable levels by time:
     D:7: 1924 daAuts
 Ossuary: 1740 daAuts
     D:5: 1532 daAuts
     D:6: 1318 daAuts
     D:3: 1201 daAuts
     D:2: 1077 daAuts
     D:1: 985 daAuts
     D:4: 957 daAuts
  Temple: 108 daAuts
